 Dungeon Crawl Stone Soup version 0.24-a0-441-g27f0392e16 (webtiles) character file.

Game seed: 62697023613999449

405 HAL9000 the Insei (level 6, 0/47 HPs)
             Began as a Draconian Transmuter on June 18, 2019.
             Slain by an orc wizard
             ... wielding a +0 dagger
              (3 damage)
             ... on level 5 of the Dungeon on June 19, 2019.
             The game lasted 00:08:29 (5301 turns).

HAL9000 the Insei (Draconian Transmuter)            Turns: 5301, Time: 00:08:30

Health: 0/47       AC:  6    Str: 12    XL:     6   Next: 56%
Magic:  1/9        EV: 12    Int: 15    God:
Gold:   183        SH:  0    Dex: 12    Spells: 3/9 levels left

rFire    . . .     SeeInvis .     - Unarmed
rCold    . . .     Gourm    .   (no shield)
rNeg     . . .     Faith    .   (armour unavailable)
rPois    .         Spirit   .   (helmet restricted)
rElec    .         Reflect  .   (no cloak)
rCorr    .         Harm     .   (no gloves)
MR       .....                  (no boots)
Stlth    +.........             (no amulet)
HPRegen  0.15/turn              (no ring)
MPRegen  0.11/turn              (no ring)

@: no status effects
A: unfitting armour, cold-blooded, AC +6
a: no special abilities


You were on level 5 of the Dungeon.
You were not hungry.

You visited 1 branch of the dungeon, and saw 5 of its levels.

You collected 183 gold pieces.

Inventory:

Missiles
 a - 10 arrows
Scrolls
 b - 3 scrolls of teleportation
 e - a scroll of noise {unknown}
 f - 2 scrolls of remove curse {unknown}
 i - a scroll of random uselessness {unknown}
 k - a scroll of fog {unknown}
 l - a scroll of magic mapping {unknown}
Potions
 d - 2 potions of mutation
 g - a potion of resistance
 j - a potion of lignification {unknown}
 m - 2 potions of heal wounds
Comestibles
 c - 5 rations


   Skills:
 - Level 1.1 Fighting
 - Level 1.7 Dodging
 - Level 7.1 Unarmed Combat
 - Level 2.0 Spellcasting
 + Level 3.0 Transmutations


You had 3 spell levels left.
You knew the following spells:

 Your Spells              Type           Power        Failure   Level  Hunger
a - Beastly Appendage     Tmut           ##....       6%          1    #......
b - Sticks to Snakes      Tmut           ##......     10%         2    ###....
c - Spider Form           Tmut/Pois      #.........   34%         3    ###....

Your spell library contained the following spells:

 Spells                   Type           Power        Failure   Level  Hunger
 Magic Dart               Conj           #...         22%         1    #......
 Blink                    Tloc           N/A          32%         2    ###....
 Call Imp                 Summ           #.......     32%         2    ###....
 Slow                     Hex            #.......     32%         2    ###....
 Conjure Flame            Conj/Fire      #.......     54%         3    ###....
 Mephitic Cloud           Conj/Pois/Air  #.......     54%         3    ###....
 Ice Form                 Ice/Tmut       #.......     75%         4    #####..
 Blade Hands              Tmut           ##........   86%         5    ######.


Dungeon Overview and Level Annotations

Branches:
Dungeon (5/15)
 Temple: D:4-7

Altars:
Kikubaaqudgha
Sif Muna


Innate Abilities, Weirdness & Mutations

Your plain brown scales are hard. (AC +6)
You cannot fit into any form of body armour.
You are cold-blooded and may be slowed by cold attacks.


Message History

The orc wizard is moderately wounded.
Your adder misses the orc wizard.
The orc wizard mumbles some strange words.
The orc wizard blinks!
Your transformation has ended.
The orc wizard closely misses you. x2
You hit the orc wizard.
The orc wizard is moderately wounded.
Your adder closely misses the orc wizard.
The orc wizard hits you but does no damage.
Unknown command.
You closely miss the orc wizard.
The orc wizard is moderately wounded.
The orc wizard hits you with a +0 dagger.
* * * LOW HITPOINT WARNING * * *
Your adder barely misses the orc wizard.
You closely miss the orc wizard.
The orc wizard is moderately wounded.
The orc wizard hits you with a +0 dagger.
You die...

#.# #....#
######.# #.####
#......# #.#
#.###### #.# ##
#.# ######.##...
#.# #...........
#.# #....[......
#.####..S.)....#
#......o@.).##.#
########.##....#
#.# ....# #.#
##.# #.# # #.#
#.# #..


You could see an orc wizard and a friendly adder.

Vanquished Creatures
  A phantom (D:4)
  A centaur (D:5)
  A centaur skeleton (D:4)
  2 iguanas
  3 gnolls (D:3)
  5 adders
  An ooze (D:3)
  A dart slug (D:2)
  2 leopard geckos
  3 orcs
  9 giant cockroaches
  7 goblins
  3 hobgoblins
  18 jackals
  5 kobolds
  2 ball pythons
  4 bats
  A frilled lizard (D:3)
  2 rats
71 creatures vanquished.

Vanquished Creatures (collateral kills)
  An adder (D:2)
  2 orcs (D:5)
  A giant cockroach (D:2)
4 creatures vanquished.

Grand Total: 75 creatures vanquished

Notes
Turn   | Place    | Note
-------+----------+-------------------------------------------
     0 | D:1      | HAL9000 the Draconian Transmuter began the quest for the
                  | Orb.
     0 | D:1      | Reached XP level 1. HP: 16/16 MP: 3/3
   404 | D:1      | Reached XP level 2. HP: 21/23 MP: 3/5
   409 | D:1      | Learned a level 2 spell: Sticks to Snakes
   689 | D:1      | Reached skill level 4 in Unarmed Combat
  1310 | D:2      | Reached XP level 3. HP: 28/28 MP: 4/6
  1358 | D:2      | Learned a level 3 spell: Spider Form
  2103 | D:2      | Reached XP level 4. HP: 25/35 MP: 7/7
  2111 | D:2      | Reached skill level 5 in Unarmed Combat
  2279 | D:2      | You fall into a shaft and drop 1 floor!
  3593 | D:3      | Upgraded the game from 0.24-a0-439-g6dd8730de2 to
                  | 0.24-a0-441-g27f0392e16
  3753 | D:4      | Found a deep blue altar of Sif Muna.
  3756 | D:4      | Reached XP level 5. HP: 40/40 MP: 8/8
  3774 | D:4      | Reached skill level 6 in Unarmed Combat
  4137 | D:4      | Noticed a phantom
  5052 | D:4      | Killed a phantom
  5052 | D:4      | Reached skill level 7 in Unarmed Combat
  5052 | D:4      | Reached XP level 6. HP: 34/47 MP: 2/9
  5117 | D:4      | Found an ancient bone altar of Kikubaaqudgha.
  5246 | D:5      | Entered Level 5 of the Dungeon
  5301 | D:5      | Slain by an orc wizard

Levels and vault maps discovered:
D:1:      matt_arrival_los_fun, layout_loops_ring
D:2:      minmay_roachtagon, layout_basic, uniq_robin
D:3:      layout_basic
D:4:      layout_rooms, led_sif_book, kiku_gazebo_garden_becter, first_ration
D:5:      layout_basic, gammafunk_ghost_cemetery, uniq_duvessa

Skill      XL: |  1  2  3  4  5  6 |
---------------+-------------------+-----
Unarmed Combat | 4 5 7 |  7.1
Transmutations | 3 |  3.0
Fighting       | |  1.1
Dodging        | |  1.7
Spellcasting   | |  2.0

Action                   |  1- 3 |  4- 6 || total
-------------------------+-------+-------++-------
Melee: Unarmed           |   185 |   165 ||   350
       Headbutt          |     5 |     5 ||    10
       Kick              |     5 |     1 ||     6
       Tailslap          |    11 |    12 ||    23
       Punch             |     4 |     3 ||     7
 Cast: Beastly Appendage |    18 |    11 ||    29
       Sticks to Snakes  |     2 |    14 ||    16
       Spider Form       |       |     4 ||     4
  Use: Scroll            |       |     4 ||     4
  Eat: Chunk             |     4 |     9 ||    13
       Ration            |       |     1 ||     1
Armor: Skin              |    80 |    38 ||   118
Dodge: Dodged            |   156 |   124 ||   280

Table legend:
 A = Non-vault XP
 B = Vault XP
 C = Vault XP percentage of total XP
 D = Non-vault monster count
 E = Vault monster count
 F = Vault count percentage of total count
                 A         B        C        D         E       F
            +---------+---------+-------+---------+---------+-------
      Total |     562 |      17 |   2.9 |      66 |       9 |  12.0
            +---------+---------+-------+---------+---------+-------
        D:1 |      39 |       0 |   0.0 |      21 |       0 |   0.0
        D:2 |      59 |      17 |  22.4 |      19 |       9 |  32.1
        D:3 |     112 |       0 |   0.0 |      13 |       0 |   0.0
        D:4 |     235 |       0 |   0.0 |       8 |       0 |   0.0
        D:5 |     117 |       0 |   0.0 |       5 |       0 |   0.0
            +---------+---------+-------+---------+---------+-------
